 Dungeon Crawl Stone Soup version 0.27.1 (webtiles) character file.

Game seed: 14491881626404364529

1801 MajorAdolf the Firebug (level 9, -9/73 HPs)
             Began as a Naga Wanderer on Aug 23, 2021.
             Was an Initiate of Vehumet.
             Mangled by Dowan (16 damage)
             ... on level 5 of the Dungeon.
             The game lasted 00:20:50 (9510 turns).

MajorAdolf the Firebug (Naga Wanderer)              Turns: 9510, Time: 00:20:51

Health: -9/73      AC:  7    Str: 15    XL:     9   Next: 9%
Magic:  4/12       EV:  9    Int: 16    God:    Vehumet [......]
Gold:   171        SH:  4    Dex: 10    Spells: 11/12 levels left

rFire    . . .     SeeInvis +   h - +4 whip
rCold    . . .     Faith    .   e - +0 buckler
rNeg     . . .     Spirit   .   w - +0 leather armour
rPois    +         Reflect  .   i - +2 helmet
rElec    .         Harm     .   (no cloak)
rCorr    .         Rampage  .   (no gloves)
Will     +....                  (no barding)
Stlth    ++........             d - amulet of regeneration
HPRegen  1.22/turn              (no ring)
MPRegen  0.13/turn              (no ring)

@: hasted, quick
A: AC +3, large, see invisible, deformed body, poison resistance, slowness 2,
spit poison 1, naga tail 1
a: Spit Poison, Renounce Religion


You were on level 5 of the Dungeon.
You worshipped Vehumet.
Vehumet was noncommittal.
You visited 2 branches of the dungeon, and saw 7 of its levels.

You collected 171 gold pieces.

Inventory:

Hand Weapons
 c - a +0 dagger
 h - a +4 whip (weapon)
Armour
 e - a +0 buckler (worn)
 i - a +2 helmet (worn)
 w - a +0 leather armour (worn)
Magical Staves
 j - a staff of air
Jewellery
 d - an amulet of regeneration (around neck)
 g - an amulet of the acrobat
 m - a ring of ice
Wands
 y - a wand of iceblast (11)
Scrolls
 b - a scroll of fog
 f - a scroll of vulnerability
 k - a scroll of identify
 r - a scroll of acquirement
Potions
 n - 2 potions of haste
 o - 2 potions of might {unknown}
 p - 2 potions of curing {unknown}
 s - a potion of lignification {unknown}
 t - a potion of berserk rage {unknown}
 v - 2 potions of invisibility {unknown}
 z - a potion of brilliance
 A - 2 potions of degeneration {unknown}


   Skills:
 - Level 2.0 Fighting
 - Level 2.0 Axes
 - Level 1.0 Armour
 - Level 3.0 Stealth
 - Level 2.4 Shields
 - Level 2.0 Spellcasting
 + Level 7.1 Conjurations
 + Level 7.2 Fire Magic
 + Level 3.7 Earth Magic


You had 11 spell levels left.
You knew the following spells:

 Your Spells              Type           Power      Damage    Failure   Level
a - Foxfire               Conj/Fire      96%        2x1d8     1%          1

Your spell library contained the following spells:

 Spells                   Type           Power      Damage    Failure   Level
 Conjure Flame            Conj/Fire      24%        6-21      4%          3
 Inner Flame              Hex/Fire       13%        N/A       17%         3
 Dazzling Flash           Conj/Hex       26%        N/A       19%         3
 Animate Skeleton         Necr           2%         N/A       26%         1
 Pain                     Necr           4%         1d4       26%         1
 Slow                     Hex            1%         N/A       36%         2
 Iskenderun's Mystic Bla  Conj/Tloc      13%        2d5       52%         4
 Confusing Touch          Hex            1%         N/A       58%         3
 Vampiric Draining        Necr           0%         2d6       58%         3
 Starburst                Conj/Fire      12%        6d5       90%         6


Dungeon Overview and Level Annotations

Branches:
Dungeon (6/15)             Temple (1/1) D:5

Altars:
Ashenzari
Cheibriados
Dithmenos
Elyvilon
Fedhas
Gozag
Hepliaklqana
Kikubaaqudgha
Makhleb
Nemelex Xobeh
Okawaru
Qazlal
Ru
Sif Muna
Trog
Uskayaw
Vehumet
Wu Jian
Xom
Yredelemnul
Zin
The Shining One

Shops:
D:4 :

Annotations:
D:5 Dowan, Duvessa


Innate Abilities, Weirdness & Mutations

Your serpentine skin is tough. (AC +3)
You have supernaturally acute eyesight. (SInv)
Armour fits poorly on your strangely shaped body.
Your system is resistant to poisons. (rPois)
You cover ground very slowly.
You can spit poison.
You have a snake-like lower body.


Message History

Okay, then.
Okay, then.
As you read the scroll labelled ROS RIQOFUXAJ, it crumbles to dust.
You assume a fearsome visage.
Duvessa looks frightened!
It was a scroll of fear.
Dowan gestures at you while chanting. The puff of frost hits you!
Dowan says, "Stay away from my face!"
Dowan hits you with a +3 dagger of electrocution.
As you read the scroll labelled HIAMNO ENEA, it crumbles to dust.
The creatures around you are filled with an inner flame!
It was a scroll of immolation.
You block Duvessa's attack.
Dowan hits you with a +3 dagger of electrocution.
This is a scroll of acquirement!
Something appears before you!
Duvessa says, "Where magic fails, the sword succeeds!"
Duvessa hits you with a +0 short sword.
Dowan hits you with a +3 dagger of electrocution.
You are electrocuted!
* * * LOW HITPOINT WARNING * * *
Duvessa hits you with a +0 short sword.
* * * LOW HITPOINT WARNING * * *
As you read the scroll labelled WEHUOG CODWICI, it crumbles to dust.
You hear a loud clanging noise!
It was a scroll of noise.
Duvessa hits you but does no damage. Dowan closely misses you.
Okay, then.
Okay, then.
It was a potion of cancellation.
You feel magically purged. Duvessa barely misses you.
Dowan hits you with a +3 dagger of electrocution.
* * * LOW HITPOINT WARNING * * *
Duvessa hits you with a +0 short sword.
* * * LOW HITPOINT WARNING * * *
It was a potion of haste.
You feel yourself speed up. You block Duvessa's attack.
Dowan hits you with a +3 dagger of electrocution.
* * * LOW HITPOINT WARNING * * *
You are electrocuted!
You die...

#...# #..<# #.#(###.###
######.#.....# #...##.#######
######### ##[#(##.# #..e..=.#
#..#.##.# #.#####.# ##......#
#.#####.####
#....###############>.e.[......
##..#........e@e.....##########
##.#.####..#######..#
#.#.##....#=....#..#
#.#.##.##.#.....#..#
#.#.##....#.....'..#
#.#.####..#.....#..# #.#.#
#..#######..# #.#.#
#.....e.....# #.#.#
###########.##########


You could see Duvessa (fast, inner flame) and Dowan (inner flame).

Vanquished Creatures
  Grinder (D:3)
  Sigmund (D:6)
  Menkaure (D:6)
  A hornet zombie (D:6)
  An ice beast (D:6)
  An ogre (D:5)
  A centaur (D:6)
  2 phantoms
  2 scorpions (D:5)
  2 gnoll sergeants
  2 wyvern skeletons (D:6)
  A centaur zombie (D:6)
  A centaur skeleton (D:6)
  A jelly (D:6)
  A hound (D:5)
  A scorpion zombie (D:4)
  2 iguanas
  An orc wizard (D:6)
  2 hound skeletons
  Robin (D:4)
  7 gnolls
  6 adders
  A shadow imp (D:6)
  2 worms
  4 dart slugs
  6 orcs
  6 bats
  10 endoplasms
  3 giant cockroaches
  11 hobgoblins
  11 jackals
  2 quokkas (D:2)
  5 ball pythons
  4 frilled lizards
  13 goblins
  5 kobolds
  8 rats
  A butterfly (D:5)
131 creatures vanquished.

Vanquished Creatures (others)
  643 foxfires
643 creatures vanquished.

Grand Total: 774 creatures vanquished

Notes
Turn   | Place    | Note
-------+----------+-------------------------------------------
     0 | D:1      | MajorAdolf the Naga Wanderer began the quest for the Orb.
     0 | D:1      | MajorAdolf set off with the following items: a +0 hand axe,
                  | a +2 scale mail, a +0 dagger; and the following spell
                  | memorised: Foxfire; and the following spells available to
                  | memorise: Inner Flame
     0 | D:1      | Reached XP level 1. HP: 19/19 MP: 3/3
   279 | D:1      | Reached skill level 1 in Conjurations
   279 | D:1      | Reached XP level 2. HP: 26/26 MP: 0/5
   999 | D:1      | Found a faded altar of an unknown god.
  1283 | D:1      | Reached XP level 3. HP: 32/32 MP: 3/6
  2354 | D:2      | Reached XP level 4. HP: 39/39 MP: 2/7
  3882 | D:3      | Noticed Grinder
  3913 | D:3      | Killed Grinder
  3914 | D:3      | Reached XP level 5. HP: 25/45 MP: 1/8
  3914 | D:3      | Reached XP level 6. HP: 29/52 MP: 1/9
  5174 | D:4      | Found Exulydd's Book Emporium.
  5198 | D:4      | Identified the +6 hunting sling of Grace {vorpal, rF+}
  5842 | D:4      | Noticed Robin
  5899 | D:4      | Killed Robin
  5900 | D:4      | Reached skill level 1 in Shields
  5900 | D:4      | Reached XP level 7. HP: 33/60 MP: 3/10
  6287 | D:5      | Entered Level 5 of the Dungeon
  6347 | D:6      | Noticed Menkaure
  6364 | D:5      | Reached skill level 5 in Fire Magic
  6720 | D:4      | Reached skill level 5 in Conjurations
  7290 | D:5      | Found a snail-covered altar of Cheibriados.
  7344 | D:5      | Found a staircase to the Ecumenical Temple.
  7515 | Temple   | Entered the Ecumenical Temple
  7813 | Temple   | Became a worshipper of Vehumet
  7874 | D:6      | Reached XP level 8. HP: 39/67 MP: 1/11
  8165 | D:6      | Reached skill level 1 in Earth Magic
  8285 | D:6      | Killed Menkaure
  8381 | D:6      | Noticed Sigmund
  8393 | D:6      | Killed Sigmund
  8518 | D:6      | Noticed Dowan
  8525 | D:6      | Noticed Duvessa
  8903 | D:6      | Reached XP level 9. HP: 64/73 MP: 0/12
  9507 | D:5      | Identified 2 scrolls of acquirement
  9507 | D:5      | Acquired a +0 barding of flying
  9510 | D:5      | Mangled by Dowan

Illustrated notes

Levels and vault maps discovered:
D:1:      ncdulo_lavacross, layout_loops_cross, ebering_ecumenical_altar_hall
D:2:      layout_basic, minmay_diced_spiral
D:3:      layout_loops_ring, uniq_grinder
D:4:      layout_rooms, serial_shops, kennysheep_little_box, uniq_robin
D:5:      layout_basic, cheibriados_altar_1, minmay_temple_entry_butterflies,
          nrook_mini_vaults
D:6:      layout_basic, uniq_menkaure, uniq_sigmund, uniq_duvessa
Temple:   regret_index_temple_sigil_plot

Skill      XL: |  1  2  3  4  5  6  7  8 |
---------------+-------------------------+-----
Conjurations   | 1 2 4 5 7 |  7.1
Fire Magic     | 2 4 5 7 |  7.2
Shields        | 1 2 |  2.4
Earth Magic    | 3 |  3.7
Fighting       | |  2.0
Axes           | |  2.0
Armour         | |  1.0
Stealth        | |  3.0
Spellcasting   | |  2.0

Action                   |  1- 3 |  4- 6 |  7- 9 || total
-------------------------+-------+-------+-------++-------
Melee: Hand axe          |     5 |       |       ||     5
       Dagger            |     1 |       |       ||     1
       Whip              |     2 |    37 |    11 ||    50
 Cast: Foxfire           |    78 |   131 |   180 ||   389
 Abil: Spit Poison       |     4 |     4 |     2 ||    10
  Use: Scroll            |       |     4 |     6 ||    10
       Potion            |       |     1 |     2 ||     3
 Stab: Sleeping          |       |       |     1 ||     1
Armor: Skin              |       |    26 |     5 ||    31
       Leather armour    |       |       |    34 ||    34
Dodge: Dodged            |    10 |    27 |    50 ||    87
Block: Buckler           |       |     9 |    24 ||    33
